 Dungeon Sprint DCSS version 0.24.0-1-gfbc8707 (webtiles) character file.

Game seed: 5524906769697862321, levelgen mode: deterministic

28693 Fang the Warrior (level 13, -7/114 HPs)
             Began as a Gargoyle Berserker on Nov 7, 2019.
             Was the Champion of Trog.
             Killed by the air
             ... invoked by a spriggan air mage
              (22 damage)
             ... in the Dungeon (Sprint V: "Ziggurat Sprint").
             The game lasted 00:05:57 (1530 turns).

Fang the Warrior (Gargoyle Berserker)               Turns: 1530, Time: 00:05:58

Health: -7/114     AC: 44    Str: 29    XL:     13   Next: 40%
Magic:  13/13      EV: 11    Int: 15    God:    Trog [******]
Gold:   0          SH: 34    Dex: 11    Spells: 12/12 levels left

rFire    + + +     SeeInvis +   I - +12 hand axe of Tension {protect, rF+ Dex+7 Stlth+}
rCold    + . .     Gourm    .   E - +18 shield of the Gong {rElec rN+ MR+ EV-5}
rNeg     + + +     Faith    .   b - +15 Maxwell's patent armour {-Cast -Tele rElec MR+ rCorr}
rPois    ∞         Spirit   .   (no helmet)
rElec    +         Reflect  .   (no cloak)
rCorr    +         Harm     .   K - +0 pair of gloves of the Moon {rC- rN+++ Str+3}
MR       ++...     Rnd*Rage +   H - +1 pair of boots {run} Stlth ..........NoTele +
                                B - amulet of Vitality {Regen+ HP+15}
HPRegen  0.69/turn NoCast   +   O - ring "Zimev" {-Tele rElec rC+ EV+3 Int+3 SInv}
MPRegen  0.13/turn              J - ring "Asiskolev" {rElec rF+++ rC+ Int+4 Dex-5}

@: berserk cooldown, slowed, studying Stealth, very slow
A: berserk 1, negative energy resistance 1, electricity resistance, unbreathing,
petrification resistance, rot immunity, AC +9
a: Berserk, Trog's Hand, Brothers in Arms, Renounce Religion


You were in the Dungeon.
You worshipped Trog.
Trog was exalted by your worship.
You were not hungry.

You visited 1 branch

Inventory:

Hand Weapons
 a - a +5 broad axe of freezing
 C - the +3 hand axe "Piowoaduko" {flame, +Inv rPois rN+ Str-4}
   (Trog gifted it to you in the Dungeon)

   It has been specially enchanted to burn those struck by it, causing extra
   injury to most foes and up to half again as much damage against particularly
   susceptible opponents.
   Big, fiery blades are also staple armaments of hydra-hunters.
   It affects your strength (-4).
   It protects you from poison.
   It protects you from negative energy.
   It lets you turn invisible.
 I - the +12 hand axe of Tension (weapon) {protect, rF+ Dex+7 Stlth+}
   (Trog gifted it to you in the Dungeon)

   It grants its wielder temporary protection when it strikes (+7 to AC).
   It affects your dexterity (+7).
   It protects you from fire.
   It makes you more stealthy.
 L - a +2 broad axe of draining
Armour
 b - the +15 Maxwell's patent armour (worn) {-Cast -Tele rElec MR+ rCorr}
   (You found it in the Dungeon)

   It insulates you from electricity.
   It affects your resistance to hostile enchantments.
   It prevents spellcasting.
   It prevents most forms of teleportation.
   It provides partial protection from all sources of acid and corrosion.
 E - the +18 shield of the Gong (worn) {rElec rN+ MR+ EV-5}
   (You found it in the Dungeon)

   It affects your evasion (-5).
   It insulates you from electricity.
   It protects you from negative energy.
   It affects your resistance to hostile enchantments.
 H - a +1 pair of boots of running (worn)
 K - the +0 pair of gloves of the Moon (worn) {rC- rN+++ Str+3}
   (You found it in the Dungeon)

   It affects your strength (+3).
   It makes you vulnerable to cold.
   It renders you almost immune to negative energy.
Jewellery
 g - the ring of Mopp {rPois rF+ rC- Str+9 Int-3}
   (You took it off a merfolk impaler in the Dungeon)

   [ring of protection from fire]

   It affects your strength (+9).
   It affects your intelligence (-3).
   It protects you from fire.
   It makes you vulnerable to cold.
   It protects you from poison.
 o - an uncursed ring of protection from fire
 x - an uncursed ring of resist corrosion
 y - the ring of Hadiur {rF+ rC+ MR- Str+2 Int+2}
   (You found it in the Dungeon)

   [ring of strength]

   It affects your strength (+2).
   It affects your intelligence (+2).
   It protects you from fire.
   It protects you from cold.
   It affects your resistance to hostile enchantments.
 B - the amulet of Vitality (around neck) {Regen+ HP+15}
   (You found it in the Dungeon)

   [amulet of regeneration]

   It affects your health (+15).
   It increases your rate of regeneration.
 D - an uncursed ring of ice
 G - an uncursed amulet of faith
 J - the ring "Asiskolev" (right hand) {rElec rF+++ rC+ Int+4 Dex-5}
   (You found it in the Dungeon)

   [ring of intelligence]

   It affects your intelligence (+4).
   It affects your dexterity (-5).
   It renders you almost immune to fire.
   It protects you from cold.
   It insulates you from electricity.
 O - the ring "Zimev" (left hand) {-Tele rElec rC+ EV+3 Int+3 SInv}
   (You found it in the Dungeon)

   [ring of evasion]

   It affects your evasion (+3).
   It affects your intelligence (+3).
   It protects you from cold.
   It insulates you from electricity.
   It lets you see invisible.
   It prevents most forms of teleportation.
 Q - the amulet of Lusmu {*Corrode +Rage Int+7 Dex+4}
   (You found it in the Dungeon)

   [amulet of rage]

   It affects your intelligence (+7).
   It affects your dexterity (+4).
   It lets you go berserk.
   It may corrode you when you take damage.
Wands
 u - a wand of disintegration (7)
 v - a wand of iceblast (7)
 w - a wand of acid (7)
Scrolls
 i - 4 scrolls of blinking
 j - 7 scrolls of fog
 k - a scroll of holy word
 l - 5 scrolls of identify
 m - 5 scrolls of remove curse
 n - 2 scrolls of fear
 M - 4 scrolls of enchant armour
Potions
 d - 10 potions of curing
 e - 9 potions of heal wounds
 f - 6 potions of haste
 h - 3 potions of berserk rage
 p - 2 potions of invisibility
 q - 4 potions of resistance
 r - a potion of experience
 s - 5 potions of agility
 t - 8 potions of might
 z - a potion of degeneration {unknown}
Books
 A - a manual of Stealth
Comestibles
 c - 6 rations


   Skills:
 * Level 18.5 Fighting
 * Level 15.9 Axes
 + Level 13.5 Armour
 + Level 10.8 Dodging
 * Level 18.3 Shields


You had 12 spell levels left.
You didn't know any spells.
Your spell library was empty.

Dungeon Overview and Level Annotations

Branches:
Dungeon (1/1)

Altars:
Ashenzari
Cheibriados
Dithmenos
Elyvilon
Fedhas
Gozag
Hepliaklqana
Kikubaaqudgha
Makhleb
Nemelex Xobeh
Okawaru
Qazlal
Ru
Sif Muna
Trog
Uskayaw
Vehumet
Wu Jian
Xom
Yredelemnul
Zin
The Shining One
Beogh
Jiyva
Lugonu

Annotations:
D 1 transporter, exclusion: oklob plant


Innate Abilities, Weirdness & Mutations

You are resistant to torment.
Your stone body is resilient. (AC +9)
You are immune to poison.
You resist negative energy. (rN+)
You are resistant to electric shocks. (rElec)
You can survive without breathing.
You are immune to petrification.
You are immune to rotting.
You tend to lose your temper in combat.


Message History

Your cyclops's corpse disappears in a puff of smoke!
The wind drake flaps its wings at you. The air twists around and strikes you.
The spriggan air mage waves its arms in wide circles.
The air twists around and strikes you.
You block the spriggan berserker's attack.
GONNNNG!
The spriggan air mage hits you but does no damage.
You block the spriggan berserker's attack.
BOUMMMMG!
You block the spriggan air mage's attack.
BOUMMMMG!
There is a transporter landing site here.
You block the elephant's attack.
GONNNNG!
The elephant trunk-slaps you but does no damage.
The spriggan berserker hits you but does no damage.
The spriggan air mage waves its arms in wide circles.
The air twists around and strikes you!!
You die...

▓..))[}[}|..▓▓..[..▓....
▓...........▓▓.....▓....
▓...........▓▓.))).▓....
▓...........▓▓.....▓....
▓.....Y.....▓▓..©..▓..©.
▓RkR..▓ ▓▓▓▓▓▓▓▓▓▓▓▓
▓▓R.i▓▓ ▓..8©8...▓..
▓..▓.YiiY▓..▓..:.}...▓..
▓.....©@....▓...}....▓..
▓▓▓▓▓▓▓▓▓▓▓▓▓........▓..
▓....8©8....▓....†...▓..
▓..)}):.....▓..÷.....▓.▓
▓......)}[..▓...©....▓..
▓...........▓▓▓▓▓▓▓▓▓▓▓▓
▓...........▓...8©8...▓.
▓...........▓...).....▓.
▓....†††....▓....)....▓.


You could see an apis, a dire elephant, an elephant (berserk), a wind drake, a
spriggan berserker (berserk), 3 dryads and 2 spriggan air magi.

Vanquished Creatures
  A thorn hunter (D)
  A storm dragon (shapeshifter) (D)
  An emperor scorpion (D)
  A very ugly thing (D)
  A spriggan defender (D)
  An ettin (D)
  3 merfolk impalers (D)
  A great orb of eyes (D)
  2 vault guards (D)
  A merfolk avatar (D)
  2 merfolk aquamancers (D)
  A dancing weapon (D)
  A two-headed ogre (shapeshifter) (D)
  An ogre mage (D)
  2 spriggan berserkers (D)
  A deep elf knight (D)
  A skeletal warrior (D)
  2 deep elf archers (D)
  An ironbrand convoker (D)
  2 deep elf magi (D)
  An ugly thing (D)
  A faun (D)
  A moth of wrath (shapeshifter) (D)
  A moth of wrath (D)
  A manticore (D)
  3 demonic crawlers (D)
  3 rime drakes (D)
  3 yaktaurs (D)
  An ice devil (D)
  A troll (shapeshifter) (D)
  A merfolk (D)
  A meliai (shapeshifter) (D)
  2 jumping spiders (D)
  A hornet (D)
  A wind drake (D)
  A hippogriff (shapeshifter) (D)
  A dream sheep (shapeshifter) (D)
  A slime creature (D)
  A snapping turtle (D)
  2 redbacks (D)
  A water elemental (D)
  Sigmund (D)
  A wyvern (D)
  2 yaks (D)
  A tarantella (shapeshifter) (D)
  A golden eye (D)
  A tarantella (D)
  A steam dragon (D)
  2 neqoxecs (D)
  Duvessa (D)
  An acid dragon (D)
  A floating eye (D)
  A swamp drake (D)
  2 phantoms (D)
  3 centaurs (D)
  An eye of draining (shapeshifter) (D)
  Blork the orc (D)
  2 earth elementals (D)
  Dowan (D)
  A wight (D)
  2 orc priests (D)
  Crazy Yiuf (D)
  2 jellies (D)
  Jessica (D)
  An iguana (D)
  A river rat (D)
  2 adder zombies (D)
  An adder skeleton (D)
  2 orcs (D)
  2 bat skeletons (D)
  A bat zombie (D)
  A ball python skeleton (D)
  A ball python zombie (D)
  2 giant cockroach zombies (D)
  A jackal skeleton (D)
  A quokka skeleton (D)
  A briar patch (D)
104 creatures vanquished.

Vanquished Creatures (others)
  A steam dragon (D)
  7 briar patches (D)
8 creatures vanquished.

Grand Total: 112 creatures vanquished

Notes
Turn   | Place    | Note
-------+----------+-------------------------------------------
     0 | D        | Fang the Gargoyle Berserker began the quest for the Orb.
     0 | D        | Reached XP level 1. HP: 14/14 MP: 1/1
     0 | D        | Found a blossoming altar of Fedhas.
     1 | D        | Found the +6 Majin-Bo {vamp, Archmagi MP+6 Int+6}
     1 | D        | Found the +7 great mace "Firestarter" {inner flame, rF++}
     1 | D        | Found a transporter.
     1 | D        | Found a viscous altar of Jiyva.
     1 | D        | Found an ancient bone altar of Kikubaaqudgha.
     1 | D        | Found a hazy altar of Hepliaklqana.
     1 | D        | Found a corrupted altar of Lugonu.
     1 | D        | Found an opulent altar of Gozag.
     1 | D        | Found a burning altar of Makhleb.
    17 | D        | Found a stormy altar of Qazlal.
    17 | D        | Found an iron altar of Okawaru.
    17 | D        | Found a sacrificial altar of Ru.
    17 | D        | Found a sparkling altar of Nemelex Xobeh.
    17 | D        | Found a shimmering blue altar of Sif Muna.
    17 | D        | Found a bloodstained altar of Trog.
    24 | D        | Found the +9 heavy crossbow "Sniper" {velocity, Acc+∞ SInv}
    24 | D        | Found the +10 dark maul {crush}
    24 | D        | Found the +15 Maxwell's patent armour {-Cast -Tele rElec
                  | MR+ rCorr}
    24 | D        | Found the +18 shield of the Gong {rElec rN+ MR+ EV-5}
    24 | D        | Found the cursed +14 obsidian axe {chop, +Fly SInv *Curse}
    79 | D        | Entered arena 2.
    79 | D        | Noticed a golden eye
    79 | D        | Noticed a jelly
    79 | D        | Found a transporter.
    82 | D        | Killed a jelly
    82 | D        | Reached XP level 2. HP: 20/20 MP: 2/2
    82 | D        | Reached XP level 3. HP: 24/24 MP: 3/3
    89 | D        | Killed a golden eye
    89 | D        | Reached skill level 5 in Axes
    89 | D        | Reached skill level 5 in Shields
    89 | D        | Reached XP level 4. HP: 32/32 MP: 4/4
    89 | D        | Reached XP level 5. HP: 37/37 MP: 5/5
    97 | D        | Got the ring "Kang" {Str+3 Dex+2}
   136 | D        | Entered arena 3.
   136 | D        | Noticed a slime creature
   136 | D        | Noticed a floating eye
   136 | D        | Found a transporter.
   140 | D        | Paralysed by a floating eye for 3 turns
   144 | D        | Reached ** piety under Trog
   145 | D        | Killed a floating eye
   145 | D        | Reached skill level 5 in Armour
   145 | D        | Reached XP level 6. HP: 44/44 MP: 6/6
   150 | D        | Killed a slime creature
   150 | D        | Reached XP level 7. HP: 50/50 MP: 7/7
   160 | D        | Got the cursed +0 helmet "Furuck" {Int+5 Slay-6}
   189 | D        | Entered arena 4.
   189 | D        | Found a transporter.
   194 | D        | Reached *** piety under Trog
   356 | D        | Entered arena 5.
   356 | D        | Noticed a yak
   356 | D        | Noticed a yak
   356 | D        | Found a transporter.
   363 | D        | Reached **** piety under Trog
   366 | D        | Killed a yak
   371 | D        | Killed a yak
   371 | D        | Reached skill level 5 in Dodging
   371 | D        | Reached XP level 8. HP: 55/57 MP: 8/8
   382 | D        | Entered arena 6.
   382 | D        | Noticed a yaktaur
   382 | D        | Noticed a yaktaur
   382 | D        | Noticed a yaktaur
   382 | D        | Found a transporter.
   388 | D        | Killed a yaktaur
   388 | D        | Reached skill level 10 in Fighting
   390 | D        | Killed a yaktaur
   390 | D        | Reached skill level 10 in Shields
   390 | D        | Reached ***** piety under Trog
   393 | D        | Killed a yaktaur
   393 | D        | Reached XP level 9. HP: 64/64 MP: 9/9
   427 | D        | Got the amulet "Litap" {Inacc rPois rN+ Str+2}
   475 | D        | Entered arena 7.
   475 | D        | Noticed Sigmund
   475 | D        | Noticed Jessica
   475 | D        | Noticed Blork the orc
   475 | D        | Noticed Crazy Yiuf
   475 | D        | Noticed Dowan
   475 | D        | Noticed Duvessa
   476 | D        | Found a transporter.
   482 | D        | Killed Crazy Yiuf
   482 | D        | Killed Duvessa
   484 | D        | Killed Jessica
   488 | D        | Killed Blork the orc
   488 | D        | Killed Dowan
   497 | D        | Killed Sigmund
   497 | D        | Reached skill level 10 in Axes
   541 | D        | Entered arena 8.
   541 | D        | Noticed an ironbrand convoker
   541 | D        | Noticed an ettin
   541 | D        | Noticed a vault guard
   541 | D        | Noticed a vault guard
   541 | D        | Noticed a great orb of eyes
   541 | D        | Noticed an ogre mage
   542 | D        | Found a transporter.
   547 | D        | Killed a great orb of eyes
   547 | D        | Received a gift from Trog
   547 | D        | Reached ****** piety under Trog
   547 | D        | Killed a vault guard
   547 | D        | Reached XP level 10. HP: 72/72 MP: 10/10
   547 | D        | Killed an ettin
   551 | D        | Killed an ogre mage
   552 | D        | Killed an ironbrand convoker
   552 | D        | Reached skill level 10 in Armour
   554 | D        | Killed a vault guard
   643 | D        | Entered arena 9.
   644 | D        | Found the amulet of Vitality {Regen+ HP+15}
   644 | D        | Found a transporter.
   650 | D        | Received a gift from Trog
   677 | D        | Identified a +1 pair of boots of running (You found it in
                  | the Dungeon)
   682 | D        | Got a fine hand axe {god gift}
   683 | D        | Identified the +12 hand axe of Tension {protect, rF+ Dex+7
                  | Stlth+} (Trog gifted it to you in the Dungeon)
   692 | D        | Entered arena 10.
   696 | D        | Found a transporter.
   697 | D        | Reached XP level 11. HP: 80/80 MP: 11/11
   700 | D        | Received a gift from Trog
   722 | D        | Got the ring "Asiskolev" {rElec rF+++ rC+ Int+4 Dex-5}
   729 | D        | Got the +0 pair of gloves of the Moon {rC- rN+++ Str+3}
   761 | D        | Entered arena 11.
   761 | D        | Noticed a deep elf mage
   761 | D        | Noticed a deep elf knight
   761 | D        | Noticed a +4 long sword of flaming
   761 | D        | Noticed a deep elf archer
   761 | D        | Noticed a deep elf mage
   761 | D        | Noticed a deep elf archer
   762 | D        | Identified the cursed +3 great sword "Ilihap" {slice, Dex+4
                  | Stlth+}
   762 | D        | Found a transporter.
   766 | D        | Killed a deep elf mage
   770 | D        | Killed a +4 long sword of flaming
   773 | D        | Received a gift from Trog
   773 | D        | Killed a deep elf knight
   773 | D        | Reached skill level 15 in Fighting
   777 | D        | Killed a deep elf mage
   786 | D        | Killed a deep elf archer
   786 | D        | Received a gift from Trog
   786 | D        | Reached skill level 15 in Shields
   800 | D        | Killed a deep elf archer
   825 | D        | Got the ring "Zimev" {-Tele rElec rC+ EV+3 Int+3 SInv}
   843 | D        | Entered arena 12.
   844 | D        | Noticed a skeletal warrior
   846 | D        | Found a transporter.
   850 | D        | Received a gift from Trog
   859 | D        | Killed a skeletal warrior
   896 | D        | Got the amulet "Dalyr" {Inacc rF+}
   898 | D        | Got the amulet of Lusmu {*Corrode +Rage Int+7 Dex+4}
   939 | D        | Entered arena 13.
   939 | D        | Noticed an emperor scorpion
   939 | D        | Noticed a moth of wrath
   941 | D        | Found a transporter.
   944 | D        | Killed a moth of wrath
   945 | D        | Received a gift from Trog
   951 | D        | Reached XP level 12. HP: 88/88 MP: 12/12
   955 | D        | Received a gift from Trog
   969 | D        | Killed an emperor scorpion
  1080 | D        | Entered arena 14.
  1081 | D        | Noticed a merfolk aquamancer
  1081 | D        | Noticed a merfolk aquamancer
  1081 | D        | Noticed a merfolk impaler
  1081 | D        | Noticed a merfolk impaler
  1081 | D        | Noticed a merfolk avatar
  1082 | D        | Identified the ring of Mopp {rPois rF+ rC- Str+9 Int-3}
  1082 | D        | Noticed a merfolk impaler
  1083 | D        | Found the +3 Elemental Staff {rElec rF++ rC++ MR++ AC+5}
  1083 | D        | Found the +3 sling "Punk" {acid, rCorr}
  1083 | D        | Found a transporter.
  1095 | D        | Killed a merfolk aquamancer
  1097 | D        | Received a gift from Trog
  1101 | D        | Killed a merfolk aquamancer
  1129 | D        | Killed a merfolk impaler
  1130 | D        | Killed a merfolk impaler
  1133 | D        | Received a gift from Trog
  1153 | D        | Killed a merfolk avatar
  1164 | D        | Killed a merfolk impaler
  1164 | D        | Reached skill level 10 in Dodging
  1239 | D        | Got the ring of Hadiur {rF+ rC+ MR- Str+2 Int+2}
  1328 | D        | Got a pitted hand axe {god gift}
  1329 | D        | Identified the +3 hand axe "Piowoaduko" {flame, +Inv rPois
                  | rN+ Str-4} (Trog gifted it to you in the Dungeon)
  1400 | D        | Entered arena 15.
  1401 | D        | Noticed a cyan very ugly thing
  1403 | D        | Found a transporter.
  1406 | D        | Noticed a ghost moth
  1406 | D        | a tyrant leech changed into a ghost moth
  1409 | D        | Noticed a shock serpent
  1409 | D        | an eye of devastation changed into a shock serpent
  1410 | D        | Received a gift from Trog
  1411 | D        | Noticed an emperor scorpion
  1411 | D        | a ghost moth changed into an emperor scorpion
  1413 | D        | Killed a cyan very ugly thing
  1413 | D        | Reached skill level 15 in Axes
  1419 | D        | Received a gift from Trog
  1419 | D        | Reached XP level 13. HP: 97/97 MP: 0/13
  1421 | D        | Gained mutation: You tend to lose your temper in combat. [a
                  | shining eye]
  1429 | D        | Noticed a storm dragon
  1429 | D        | an emperor scorpion changed into a storm dragon
  1437 | D        | Killed a storm dragon
  1495 | D        | Entered arena 16.
  1496 | D        | Noticed a thorn hunter
  1496 | D        | Noticed an apis
  1496 | D        | Noticed a dire elephant
  1497 | D        | Found the +2 shield of Resistance {rF+ rC+ MR+}
  1497 | D        | Noticed a spriggan defender
  1520 | D        | Killed a spriggan defender
  1522 | D        | Killed a thorn hunter
  1523 | D        | Found a transporter.
  1525 | D        | Received a gift from Trog
  1530 | D        | Killed from afar by a spriggan air mage

Levels and vault maps discovered:
D:        sprint_v [room_start, room_1, room_2, room_3, room_4, room_5, room_6,
          room_7, room_8, room_9, room_10, room_11, room_12, room_13, room_14,
          room_15, room_16, room_17, room_18, room_19, room_20, room_21,
          room_22, room_23, room_24, room_25, room_26, room_27]

Skill      XL: |  1  2  3  4  5  6  7  8  9 10 11 12 13 |
---------------+----------------------------------------+-----
Fighting       | 4 6 7 8 9 11 12 14 15 17 18 | 18.5
Axes           | 3 5 6 7 8 9 11 12 13 15 | 15.9
Armour         | 3 4 5 6 7 9 10 11 12 13 | 13.5
Dodging        | 2 3 4 5 6 7 9 10 | 10.8
Shields        | 2 5 6 8 9 10 12 13 15 17 18 | 18.3

Action                   |  1- 3 |  4- 6 |  7- 9 | 10-12 | 13-15 || total
-------------------------+-------+-------+-------+-------+-------++-------
Melee: Broad axe         |     6 |     8 |    47 |    16 |       ||    77
       Hand axe          |       |       |       |   159 |    43 ||   202
Invok: Berserk           |     1 |     1 |     4 |     6 |     1 ||    13
       Brothers in Arms  |       |       |       |       |     1 ||     1
  Use: Scroll            |       |       |     1 |       |     2 ||     3
       Potion            |       |       |       |     1 |       ||     1
 Stab: Confused          |       |       |       |     2 |       ||     2
  Eat: Chunk             |       |       |     3 |     9 |       ||    12
       Ration            |       |       |       |       |     1 ||     1
Armor: Plate armour      |       |     6 |    18 |   103 |    24 ||   151
Dodge: Dodged            |       |     2 |     5 |    39 |     8 ||    54
Block: Shield            |     1 |     8 |    63 |   275 |    59 ||   406
